 Dungeon Crawl Stone Soup version 0.16-a0-3926-g4728e1c (webtiles) character file.

375 timbw the Slasher (level 7, -9/52 HPs)
             Began as a Human Fighter on Feb 5, 2015.
             Mangled by an orc warrior
             ... wielding a +0 mace
              (17 damage)
             ... on level 6 of the Dungeon.
             The game lasted 00:04:49 (1200 turns).

timbw the Slasher (Human Fighter)                   Turns: 1200, Time: 00:04:50

Health: -9/52      AC: 10    Str: 23    XL:     7   Next: 3%
Magic:  7/7        EV: 10    Int:  8    God:
Gold:   77         SH: 10    Dex: 20    Spells: 0 memorised, 6 levels left

rFire  . . .     SeeInvis .     a - +0 long sword
rCold  . . .     Clarity  .     l - +0 chain mail
rNeg   . . .     SustAb   .     c - +0 shield
rPois  +         Gourm    .     (no helmet)
rElec  .         Spirit   .     k - +0 cloak
rCorr  .         Warding  .     (no gloves)
rMut   .         Stasis   .     (no boots)
MR     .....                    (no amulet)
Stlth  ..........               t - ring of poison resistance (curse)
                                g - +2 ring of strength

@: mighty, agile, not resistant to hostile enchantments, extremely unstealthy
A: no striking features
a: no special abilities


You were on level 6 of the Dungeon.
You were hungry.

You visited 1 branch of the dungeon, and saw 6 of its levels.

You collected 77 gold pieces.

Inventory:

Hand weapons
 a - a +0 long sword (weapon)
 j - a cursed -3 club
 q - a +0 blowgun
Missiles
 h - 3 poisoned needles
Armour
 b - a +0 scale mail
 c - a +0 shield (worn)
 k - a +0 cloak (worn)
 l - a +0 chain mail (worn)
Jewellery
 g - a +2 ring of strength (left hand)
 t - a cursed ring of poison resistance (right hand)
Magical devices
 i - a wand of draining (5)
Scrolls
 m - a scroll of random uselessness {unknown}
 o - a scroll of recharging {unknown}
Potions
 p - a potion of berserk rage {unknown}
 r - a potion of beneficial mutation {unknown}
 u - a potion of brilliance {unknown}
Miscellaneous
 s - a sack of spiders
Comestibles
 d - 2 bread rations


   Skills:
 - Level 3.0 Fighting
 + Level 7.0 Long Blades
 - Level 3.0 Armour
 - Level 3.0 Shields


You had 6 spell levels left.
You didn't know any spells.

Dungeon Overview and Level Annotations

Branches:
Dungeon (6/15)
 Temple: D:4-7

Altars:


Message History

The orc warrior hits you with a mace!
* * * LOW HITPOINT WARNING * * *
You slash the orc warrior!
The orc warrior is heavily wounded.
The orc warrior hits you with a mace!
* * * LOW HITPOINT WARNING * * *
Drink which item? (? for menu, Esc to quit)
It was a potion of agility.
You feel agile all of a sudden.
The orc warrior hits you but does no damage.
You hit the orc warrior.
The orc warrior is heavily wounded.
You block the orc warrior's attack.
You closely miss the orc warrior.
The orc warrior is heavily wounded.
You block the orc warrior's attack.
Your shield and chain mail prevent you from hitting the orc warrior.
The orc warrior is heavily wounded.
The orc warrior hits you with a mace!
You die...

#... #...
#!..#+ ###
....##### ....
.......#
.....♣......#
........o....#
#...zo###
#$.#...#@.##
#...#.).#
#...##.<#
#...$ ####
#..... #...#
..#


You could see an orc warrior, a wight and an orc.

Vanquished Creatures
  A giant frog (D:5)
  4 wights (D:6)
  A crimson imp (D:5)
  2 hounds (D:5)
  A worker ant zombie (D:5)
  2 adders
  A giant mite (D:5)
  A giant gecko (D:6)
  An orc (D:5)
  A giant cockroach (D:4)
  4 goblins
  5 hobgoblins
  2 jackals (D:5)
  2 quokkas (D:5)
  A giant newt (D:5)
  2 kobolds
  5 rats
36 creatures vanquished.

Notes
Turn   | Place    | Note
--------------------------------------------------------------
     0 | D:1      | timbw, the Human Fighter, began the quest for the Orb.
     0 | D:1      | Reached XP level 1. HP: 18/18 MP: 1/1
    36 | D:2      | Reached XP level 2. HP: 21/24 MP: 2/2
   109 | D:5      | Entered Level 5 of the Dungeon
   116 | D:6      | Reached XP level 3. HP: 27/29 MP: 3/3
   186 | D:4      | Noticed a phantom
   225 | D:4      | Noticed a giant frog
   252 | D:5      | Killed a giant frog
   252 | D:5      | Reached skill level 4 in Long Blades
   252 | D:5      | Reached XP level 4. HP: 10/35 MP: 4/4
   509 | D:5      | Reached XP level 5. HP: 37/41 MP: 5/5
   538 | D:5      | Reached skill level 5 in Long Blades
   921 | D:5      | Reached XP level 6. HP: 37/47 MP: 6/6
   980 | D:6      | Noticed a wight
  1006 | D:6      | Killed a wight
  1006 | D:6      | Reached skill level 6 in Long Blades
  1153 | D:6      | Noticed a wight
  1153 | D:6      | Noticed a wight
  1172 | D:6      | Killed a wight
  1178 | D:6      | Killed a wight
  1179 | D:6      | Noticed a wight
  1179 | D:6      | Noticed a wight
  1179 | D:6      | Noticed an orc warrior
  1190 | D:6      | Killed a wight
  1190 | D:6      | Reached skill level 7 in Long Blades
  1190 | D:6      | Reached XP level 7. HP: 29/52 MP: 7/7
  1200 | D:6      | Mangled by an orc warrior

Action                   |  1- 3 |  4- 6 |  7- 9 || total
-------------------------+-------+-------+-------++-------
Melee: Long sword        |    39 |   198 |     9 ||   246
  Use: Potion            |       |     2 |     1 ||     3
       Scroll            |       |     1 |       ||     1
  Eat: Chunk             |       |     1 |       ||     1
